 Dungeon Crawl Stone Soup version 0.21.1-1-g345015f (webtiles) character file.

7 tidbits the Sneak (level 2, -4/19 HPs)
             Began as a Gnoll Enchanter on June 13, 2018.
             Killed from afar by a dart slug (6 damage)
             ... with a slug dart
             ... on level 2 of the Dungeon.
             The game lasted 00:01:36 (235 turns).

tidbits the Sneak (Gnoll Enchanter)                  Turns: 235, Time: 00:01:37

Health: -4/19      AC:  2    Str: 10    XL:     2   Next: 0%
Magic:  5/7        EV: 14    Int: 17    God:
Gold:   19         SH:  0    Dex: 15    Spells: 9/10 levels left

rFire    . . .     SeeInvis .   a - +1 dagger
rCold    . . .     Gourm    .   (no shield)
rNeg     . . .     Faith    .   b - +0 robe
rPois    .         Spirit   .   (no helmet)
rElec    .         Reflect  .   (no cloak)
rCorr    .         Harm     .   (no gloves)
MR       .....                  (no boots)
Stlth    +++.......             (no amulet)
HPRegen  0.06/turn              (no ring)
MPRegen  0.10/turn              (no ring)

@: no status effects
A: distributed training, fangs 1, strong nose
a: no special abilities


You were on level 2 of the Dungeon.
You were not hungry.

You visited 1 branch of the dungeon, and saw 2 of its levels.

You collected 19 gold pieces.

Inventory:

Hand Weapons
 a - a +1 dagger (weapon)
Missiles
 g - 24 sling bullets
 k - 30 bolts
Armour
 b - a +0 robe (worn)
Scrolls
 e - a scroll of teleportation {unknown}
 i - a scroll of fear {unknown}
 j - 2 scrolls of remove curse {unknown}
 l - a scroll of random uselessness {unknown}
 m - a scroll of identify {unknown}
Potions
 f - a potion of heal wounds {unknown}
 h - a potion of brilliance {unknown}
 n - a potion of curing {unknown}
 o - a potion of flight {unknown}
Books
 c - a book of Maledictions

   Spells                             Type                      Level
   a - Corona                         Hexes                        1
   b - Ensorcelled Hibernation        Hexes/Ice                    2
   c - Confuse                        Hexes                        3
   d - Tukima's Dance                 Hexes                        3
   e - Dazzling Spray                 Conjuration/Hexes            3
Comestibles
 d - a ration


   Skills:
 + Level 0.2 Fighting
 + Level 2.4 Short Blades
 + Level 0.2 Long Blades
 + Level 0.2 Axes
 + Level 0.2 Maces & Flails
 + Level 0.2 Polearms
 + Level 0.2 Staves
 + Level 0.2 Slings
 + Level 0.2 Bows
 + Level 0.2 Crossbows
 + Level 0.2 Throwing
 + Level 0.2 Armour
 + Level 4.4 Dodging
 + Level 5.9 Stealth
 + Level 0.2 Shields
 + Level 0.2 Unarmed Combat
 + Level 4.9 Spellcasting
 + Level 0.1 Conjurations
 + Level 5.3 Hexes
 + Level 0.1 Charms
 + Level 0.1 Summonings
 + Level 0.1 Necromancy
 + Level 0.1 Translocations
 + Level 0.1 Transmutations
 + Level 0.1 Fire Magic
 + Level 0.1 Ice Magic
 + Level 0.1 Air Magic
 + Level 0.1 Earth Magic
 + Level 0.1 Poison Magic
 + Level 0.3 Invocations
 + Level 0.2 Evocations


You had 9 spell levels left.
You knew the following spells:

 Your Spells              Type           Power        Failure   Level  Hunger
a - Corona                Hex            ###....      1%          1    None


Dungeon Overview and Level Annotations

Branches:
Dungeon (2/15)

Altars:


Innate Abilities, Weirdness & Mutations

Your experience applies equally to all skills.
You have very sharp teeth.
Your uncanny sense of smell can sniff out nearby items.


Message History

A bat comes into view.
Adjust (i)tems, (s)pells, or (a)bilities?
Adjust which spell? o - Corona Adjust to which letter? a - Corona
Casting: Corona
Confirm with . or Enter, or press ? or * to list all spells.
Aiming: Corona
Press: ? - help, Shift-Dir - straight line, f - bat
Aim: a bat (chance to defeat MR: 77%)
The bat is outlined in light.
The bat barely misses you. The bat hits you but does no damage.
The bat hits you.
You hit the bat.
You kill the bat!
Found a scroll labeled TOFOPR OBOQU.
You see here a scroll labeled TOFOPR OBOQU.
l - a scroll labeled TOFOPR OBOQU You open the door.
There is an open door here.
You open the door.
There is an open door here.
Found 14 gold pieces.
Found a stone staircase leading down.
Unknown command.
You see here 14 gold pieces.
You now have 19 gold pieces (gained 14).
There is a stone staircase leading down here.
You climb downwards.
A hobgoblin, a kobold and a dart slug come into view.
Found a grey potion and a scroll labeled TEPU QALUA.
There is a stone staircase leading up here.
Unknown command.
The helpless hobgoblin fails to defend itself.
You impale the hobgoblin!!
You kill the hobgoblin!
The helpless kobold fails to defend itself.
You impale the kobold!!
You kill the kobold!
A frilled lizard and a bat come into view.
Found a scroll labeled TEPU QALUA.
You see here a scroll labeled TEPU QALUA.
m - a scroll labeled TEPU QALUA
Casting: Corona
Confirm with . or Enter, or press ? or * to list all spells.
Aiming: Corona
Press: ? - help, Shift-Dir - straight line, f - bat
Aim: a bat (chance to defeat MR: 77%)
The bat is outlined in light.
The bat completely misses you. The bat closely misses you.
Found a blue potion.
You barely miss the bat. The bat completely misses you. The bat misses you.
The bat hits you but does no damage.
You hit the bat. Your bite misses the bat.
The bat is severely wounded.
The bat hits you but does no damage.
Casting: Corona
Confirm with . or Enter, or press ? or * to list all spells.
Aiming: Corona
Press: ? - help, Shift-Dir - straight line, f/p - bat
Aim: a bat (severely wounded, chance to defeat MR: 77%)
The bat is outlined in light.
The bat hits you but does no damage.
You hit the bat.
You kill the bat!
You see here a blue potion.
n - a blue potion
There are no items here.
You see here a grey potion.
o - a grey potion The helpless frilled lizard fails to defend itself.
You impale the frilled lizard!!
You kill the frilled lizard!
A kobold comes into view.
The kobold shouts!
The kobold throws a stone.
The stone barely misses you.
You see here a stone.
The kobold throws a stone.
The stone completely misses you. The dart slug launches a dart at you.
The slug dart hits you!
The kobold throws a stone.
The stone completely misses you.
You see here 2 stones.
Casting: Corona
Confirm with . or Enter, or press ? or * to list all spells.
Aiming: Corona
Press: ? - help, Shift-Dir - straight line, f - kobold
Aim: a kobold (chance to defeat MR: 77%)
The kobold is outlined in light.
The kobold throws a stone.
The stone barely misses you. The dart slug launches a dart at you.
The slug dart hits you!
* * * LOW HITPOINT WARNING * * *
The kobold hits you.
* * * LOW HITPOINT WARNING * * *
You see here 2 stones.
You hit the kobold.
You kill the kobold!
You have reached level 2!
The dart slug launches a dart at you. The slug dart hits you!
You die...

################
####.≈≈≈(w..†.....#
...≈≈≈≈≈##@####..
..≈≈.w≈ #(# ?≈≈≈≈
#.# .# #.≈≈ #.# .#
##.# #.####..###
##<#####..........
#....).).####..#
#..............#
#.######.#.....###.


You could see a dart slug.

Vanquished Creatures
  A hobgoblin (D:2)
  2 kobolds (D:2)
  2 bats
  A frilled lizard (D:2)
6 creatures vanquished.

Notes
Turn   | Place    | Note
-------+----------+-------------------------------------------
     0 | D:1      | tidbits the Gnoll Enchanter began the quest for the Orb.
     0 | D:1      | Reached XP level 1. HP: 13/13 MP: 6/6
   234 | D:2      | HP: 1/13 [kobold (2)]
   235 | D:2      | Reached XP level 2. HP: 1/19 MP: 5/7
   235 | D:2      | Killed from afar by a dart slug

Action                   || total
-------------------------++-------
Melee: Dagger            ||     8
 Cast: Corona            ||     4
 Stab: Sleeping          ||     3
Armor: Robe              ||     4
Dodge: Dodged            ||     9

Table legend:
 A = Turns spent in this place as a percentage of turns spent in the entire game.
 B = Non-inter-level travel turns spent in this place as a percentage of non-inter-level travel turns spent in the entire game.
 C = Inter-level travel turns spent in this place as a percentage of turns spent in this place.
 D = Turns resting spent in this place as a percentage of non-inter-level travel turns spent in this place.
 E = Turns spent auto-exploring this place as a percentage of non-inter-level travel turns spent in this place.
 F = Non-inter-level travel turns spent in this place divided by the number of levels of this place that you've seen.
                   A       B       C       D       E      F
               +-------+-------+-------+-------+-------+----------------------
         Total | 100.0 | 100.0 |   0.0 |   0.0 |   0.0 | 117.5
       Dungeon | 100.0 | 100.0 |   0.0 |   0.0 |   0.0 | 117.5
               +-------+-------+-------+-------+-------+----------------------

Table legend:
 A = Kills in this place as a percentage of kills in entire the game.
 B = Kills by you in this place as a percentage of kills by you in the entire game.
 C = Kills by friends in this place as a percentage of kills by friends in the entire game.
 D = Other kills in this place as a percentage of other kills in the entire game.
 E = Experience gained in this place as a percentage of experience gained in the entire game.
 F = Experience gained in this place divided by the number of levels of this place that you have seen.
                   A       B       C       D       E      F
               +-------+-------+-------+-------+-------+----------------------
         Total | 100.0 | 100.0 |   N/A |   N/A | 100.0 |   5.0
       Dungeon | 100.0 | 100.0 |   N/A |   N/A | 100.0 |   5.0
               +-------+-------+-------+-------+-------+----------------------

Vault maps used:
D:1:      dpeg_arrival_circle_labyrinth_c
D:2:      nicolae_overflow_crystal_walls, dancing_weapons_uskayaw,
          kennysheep_slug_shrine, lemuel_doored_altar, serial_glass,
          glass_columns_a, glass_columns_a
